 Dungeon Crawl Stone Soup version 0.24-a0-446-g87df7205b4 (webtiles) character file.

Game seed: 7421453078710344045

6297 Avack the Severer (level 11, -3/75 HPs)
             Began as a Formicid Fighter on June 22, 2019.
             Was an Initiate of Gozag.
             Slain by an orc warrior
             ... wielding a +0 glaive
              (21 damage)
             ... on level 9 of the Dungeon on June 24, 2019.
             The game lasted 00:26:26 (9776 turns).

Avack the Severer (Formicid Fighter)                Turns: 9776, Time: 00:26:27

Health: -3/75      AC:  8    Str: 24    XL:     11   Next: 16%
Magic:  11/11      EV:  8    Int:  8    God:    Gozag
Gold:   1291       SH: 10    Dex: 10    Spells: 10/10 levels left

rFire    . . .     SeeInvis +   x - +0 broad axe
rCold    + . .     Gourm    .   c - +1 shield
rNeg     . . .     Faith    .   g - +2 scale mail {MR+}
rPois    .         Spirit   .   (helmet unavailable)
rElec    .         Reflect  .   (no cloak)
rCorr    .         Harm     .   (no gloves)
MR       +++..                  (no boots)
Stlth    ..........             r - amulet of magic regeneration
HPRegen  0.22/turn              i - ring of protection from magic
MPRegen  0.37/turn              w - ring of protection from cold

@: no status effects
A: permanent stasis, dig shafts and tunnels, four strong arms, antennae 3
a: Dig, Shaft Self, Potion Petition, Call Merchant, Bribe Branch, Renounce
Religion


You were on level 9 of the Dungeon.
You worshipped Gozag.
Gozag was most pleased with you.
You were not hungry.

You visited 1 branch of the dungeon, and saw 9 of its levels.

You collected 1346 gold pieces.
You paid 55 gold pieces to Gozag.

Inventory:

Hand Weapons
 x - a +0 broad axe (weapon)
Missiles
 q - 4 boomerangs
 y - 10 poisoned darts (quivered)
Armour
 c - a +1 shield (worn)
 g - a +2 scale mail of magic resistance (worn)
Jewellery
 i - a ring of protection from magic (left hand)
 r - an amulet of magic regeneration (around neck)
 w - a ring of protection from cold (right hand)
Wands
 h - a wand of scattershot (6)
 o - a wand of acid (2)
 t - a wand of flame (16)
 z - a wand of polymorph (10)
Scrolls
 j - a scroll of amnesia
 k - a scroll of fear
 l - 4 scrolls of remove curse
 s - a scroll of fog
Potions
 b - 2 potions of flight
 d - a potion of might
 e - 5 potions of curing
 m - a potion of agility
 n - a potion of haste {unknown}
 p - a potion of invisibility {unknown}
 u - a potion of heal wounds
 v - 2 potions of magic {unknown}
Comestibles
 f - 2 rations


   Skills:
 + Level 3.3 Fighting
 + Level 15.3 Axes
 + Level 3.3 Armour
 + Level 3.7 Shields


You had 10 spell levels left.
You didn't know any spells.
Your spell library contained the following spells:

 Spells                   Type           Power        Failure   Level  Hunger
 Animate Skeleton         Necr           N/A          97%         1    ##.....
 Pain                     Necr           #...         97%         1    ##.....
 Sting                    Conj/Pois      #...         97%         1    ##.....
 Dazzling Spray           Conj/Hex       #.....       100%        3    ####...
 Regeneration             Chrm/Necr      #.........   100%        3    ####...
 Vampiric Draining        Necr           #.........   100%        3    ####...
 Animate Dead             Necr           N/A          100%        4    #####..
 Blade Hands              Tmut           #.........   100%        5    ######.
 Irradiate                Conj/Tmut      #.........   100%        5    ######.
 Bolt of Fire             Conj/Fire      #.........   100%        6    #######


Dungeon Overview and Level Annotations

Branches:
Dungeon (9/15)             Temple (0/1) D:4
   Lair: D:8-11         Orc: D:9-12

Altars:
Ashenzari
Cheibriados
Dithmenos
Elyvilon
Fedhas
Gozag
Makhleb
Nemelex Xobeh
Trog
Vehumet
Wu Jian

Shops:
D:5 *

Annotations:
D:5 1 exclusion


Innate Abilities, Weirdness & Mutations

You cannot be hasted, slowed, berserked, paralysed or teleported.
You can dig through walls and to a lower floor.
Your four strong arms can wield two-handed weapons with a shield.
You have a pair of large antennae on your head. (SInv)


Message History

You hit the orc warrior.
The orc warrior is almost dead.
The orc warrior hits you with a +0 glaive!
You barely miss the orc warrior.
The orc warrior is almost dead.
You hit the orc warrior but do no damage.
The orc warrior is almost dead.
The orc warrior hits you with a +0 glaive!
* * * LOW HITPOINT WARNING * * *
You closely miss the orc warrior.
The orc warrior is almost dead.
The orc warrior hits you with a +0 glaive.
* * * LOW HITPOINT WARNING * * *
You barely miss the orc warrior.
The orc warrior is almost dead.
You closely miss the orc warrior.
The orc warrior is almost dead.
The orc warrior hits you with a +0 glaive!!
You die...
Your body crumbles into a pile of gold.

## .# .#
.##############
..............####
.############.##@## .#
###.###o# .######
#.....{## ......#
#......# .####.#
#......###########.##
.+
..............o........
.#
#####.#########.####.#
.# #.# #...# .#
#.########.o.## ..


You could see an orc warrior.

Vanquished Creatures
  Harold (D:7)
  Pikel (D:7)
  Joseph (D:8)
  Psyche (D:8)
  Prince Ribbit (D:8)
  A hippogriff (D:9)
  Sigmund (D:5)
  A hungry ghost (D:7)
  Menkaure (D:6)
  Duvessa (D:7)
  A water moccasin (D:9)
  2 orc warriors
  4 phantoms
  4 slaves
  A necrophage (D:8)
  4 ogres
  2 centaurs
  Blork the orc (D:4)
  2 big kobolds (D:5)
  A gnoll sergeant (D:8)
  4 bullfrogs
  Dowan (D:7)
  A scorpion (D:6)
  3 wights (D:8)
  A howler monkey (D:7)
  A quasit (D:6)
  4 crimson imps
  3 jellies
  A bullfrog zombie (D:5)
  A centaur zombie (D:5)
  5 hounds
  7 orc priests
  2 bullfrog skeletons
  10 orc wizards
  Natasha (thrice) (D:4)
  9 worker ants
  A killer bee zombie (D:6)
  A howler monkey zombie (D:5)
  A worker ant zombie (D:5)
  A howler monkey skeleton (D:4)
  10 gnolls
  10 adders
  2 shadow imps
  An ooze (D:5)
  An adder skeleton (D:6)
  A worm (D:2)
  3 dart slugs
  7 leopard geckos
  28 orcs
  6 giant cockroaches
  11 goblins
  7 hobgoblins
  7 jackals
  4 quokkas
  3 ball pythons
  9 bats
  6 frilled lizards
  11 kobolds
  A leopard gecko skeleton (D:7)
  5 rats
225 creatures vanquished.

Vanquished Creatures (others)
  3 fungi (D:5)
  9 toadstools (D:5)
12 creatures vanquished.

Grand Total: 237 creatures vanquished

Notes
Turn   | Place    | Note
-------+----------+-------------------------------------------
     0 | D:1      | Avack the Formicid Fighter began the quest for the Orb.
     0 | D:1      | Reached XP level 1. HP: 18/18 MP: 1/1
    94 | D:1      | Reached XP level 2. HP: 24/24 MP: 2/2
   138 | D:1      | Reached skill level 3 in Axes
   249 | D:1      | Reached XP level 3. HP: 29/29 MP: 3/3
   885 | D:2      | Upgraded the game from 0.24-a0-445-gd5110b030a to
                  | 0.24-a0-446-g87df7205b4
   935 | D:2      | Reached skill level 4 in Axes
   935 | D:2      | Reached XP level 4. HP: 35/35 MP: 4/4
  1186 | D:2      | Reached XP level 5. HP: 29/41 MP: 5/5
  1295 | D:2      | Reached skill level 5 in Axes
  1972 | D:3      | Found a sparkling altar of Nemelex Xobeh.
  1974 | D:3      | Reached XP level 6. HP: 47/47 MP: 6/6
  2056 | D:3      | Found a shattered altar of Ashenzari.
  2294 | D:3      | Found a radiant altar of Vehumet.
  2666 | D:4      | Reached skill level 6 in Axes
  2739 | D:4      | Noticed Blork the orc
  2762 | D:4      | Killed Blork the orc
  2808 | D:4      | Noticed Natasha
  2816 | D:4      | Killed Natasha
  2941 | D:4      | Noticed Natasha
  2962 | D:4      | Killed Natasha
  2962 | D:4      | Reached XP level 7. HP: 19/52 MP: 7/7
  2963 | D:4      | Found an opulent altar of Gozag.
  2975 | D:4      | Became a worshipper of Gozag Ym Sagoz the Greedy
  3036 | D:4      | Reached skill level 7 in Axes
  3331 | D:4      | Found a staircase to the Ecumenical Temple.
  3414 | D:4      | Noticed Natasha
  3421 | D:4      | Killed Natasha
  3491 | D:4      | Found a burning altar of Makhleb.
  3667 | D:5      | Entered Level 5 of the Dungeon
  3723 | D:5      | You fall into a shaft and drop 1 floor!
  3870 | D:6      | Reached skill level 8 in Axes
  4086 | D:6      | Reached XP level 8. HP: 58/58 MP: 8/8
  4208 | D:5      | Reached skill level 9 in Axes
  4427 | D:5      | Identified Huhin's Reference Book on Transformation and
                  | Attacks
  4433 | D:5      | Noticed Sigmund
  4437 | D:5      | Killed Sigmund
  4437 | D:5      | Reached skill level 10 in Axes
  4572 | D:5      | Found Senasaif's Assorted Antiques.
  4714 | D:5      | Reached XP level 9. HP: 49/64 MP: 9/9
  4798 | D:5      | Noticed a slime creature
  4798 | D:5      | Noticed a slime creature
  4893 | D:5      | Reached skill level 11 in Axes
  5046 | D:6      | Noticed Menkaure
  5056 | D:6      | Killed Menkaure
  5092 | D:6      | Found an ornate altar of the Wu Jian Council.
  5845 | D:6      | Reached skill level 12 in Axes
  6285 | D:7      | Found a blossoming altar of Fedhas.
  6307 | D:7      | Noticed Pikel
  6328 | D:7      | Noticed Duvessa
  6505 | D:7      | Noticed Dowan
  6520 | D:7      | Killed Dowan
  6642 | D:7      | Killed Pikel
  6642 | D:7      | Reached XP level 10. HP: 44/70 MP: 10/10
  6780 | D:7      | Killed Duvessa
  6780 | D:7      | Reached skill level 13 in Axes
  6861 | D:7      | Noticed Harold
  6912 | D:7      | Killed Harold
  7198 | D:7      | Reached skill level 14 in Axes
  7693 | D:8      | Found a white marble altar of Elyvilon.
  8005 | D:8      | Found a shadowy altar of Dithmenos.
  8018 | D:8      | Noticed Prince Ribbit
  8052 | D:8      | Killed Prince Ribbit
  8451 | D:8      | Found a snail-covered altar of Cheibriados.
  8478 | D:8      | Noticed Joseph
  8505 | D:8      | Killed Joseph
  8699 | D:8      | Noticed Psyche
  8735 | D:8      | Killed Psyche
  8735 | D:8      | Reached XP level 11. HP: 20/75 MP: 11/11
  9128 | D:8      | Reached skill level 15 in Axes
  9400 | D:9      | Found a bloodstained altar of Trog.
  9776 | D:9      | Slain by an orc warrior

Levels and vault maps discovered:
D:1:      minmay_arrival_nine_rooms, layout_rooms, minmay_tetromino_i4
D:2:      layout_loops_cross, minivault_23
D:3:      layout_rooms, evilmike_ruin_ashenzari, old_standard_altar,
          marbit_many_paths
D:4:      layout_loops_ring, lemuel_round_altar,
          minmay_temple_entry_from_below_a, serial_rivers,
          chequers_serial_rivers_micro_d, chequers_serial_rivers_room_b,
          chequers_serial_rivers_marsh, chequers_serial_rivers_micro_d,
          grunt_gozag_breadcrumbs, uniq_blork_the_orc, uniq_natasha
D:5:      cheibrodos_fertilizer, layout_basic, serial_shops, shop, first_ration,
          uniq_sigmund
D:6:      layout_basic, lemuel_crystal_altar, roderic_three_in_a_row,
          uniq_menkaure
D:7:      layout_basic, fedhas_altar_1, uniq_harold, uniq_pikel, uniq_duvessa
D:8:      layout_gridville, grunt_dithmenos_shadows, cheibriados_altar_1,
          lemuel_coloured_pillars_altar, uniq_joseph, uniq_psyche,
          uniq_prince_ribbit1
D:9:      layout_basic, nicolae_overflow_hidden_temple, old_standard_altar,
          yredelemnul_altar_generic, david_orc_1_choice

Skill      XL: |  1  2  3  4  5  6  7  8  9 10 11 |
---------------+----------------------------------+-----
Axes           | 3 4 5 6 8 10 12 14 15 | 15.3
Fighting       | |  3.3
Armour         | |  3.3
Shields        | |  3.7

Action                   |  1- 3 |  4- 6 |  7- 9 | 10-12 || total
-------------------------+-------+-------+-------+-------++-------
Melee: War axe           |   141 |   202 |   470 |   275 ||  1088
       Broad axe         |       |       |       |    22 ||    22
Throw: Stone             |       |     9 |       |       ||     9
       Boomerang         |       |       |     1 |     5 ||     6
       Dart              |       |       |    10 |    10 ||    20
Invok: Potion Petition   |       |       |       |     1 ||     1
 Abil: Dig               |       |     4 |    14 |     4 ||    22
Evoke: Wand              |       |       |     4 |     4 ||     8
  Use: Scroll            |       |    10 |     3 |     4 ||    17
       Potion            |       |       |     1 |     5 ||     6
 Stab: Distracted        |       |       |     1 |       ||     1
  Eat: Chunk             |       |     7 |     1 |       ||     8
       Ration            |       |       |     4 |     4 ||     8
Armor: Scale mail        |    23 |       |       |    42 ||    65
       Chain mail        |    61 |   108 |   179 |    23 ||   371
Dodge: Dodged            |    25 |    41 |    83 |    70 ||   219
Block: Shield            |    82 |   103 |   194 |   110 ||   489

Table legend:
 A = Non-vault XP
 B = Vault XP
 C = Vault XP percentage of total XP
 D = Non-vault monster count
 E = Vault monster count
 F = Vault count percentage of total count
                 A         B        C        D         E       F
            +---------+---------+-------+---------+---------+-------
      Total |    5110 |    3886 |  43.2 |     194 |      27 |  12.2
            +---------+---------+-------+---------+---------+-------
        D:1 |      58 |       6 |   9.4 |      32 |       3 |   8.6
        D:2 |     140 |       0 |   0.0 |      20 |       0 |   0.0
        D:3 |      77 |       2 |   2.5 |      15 |       1 |   6.2
        D:4 |     230 |     136 |  37.2 |      11 |       2 |  15.4
        D:5 |     673 |     525 |  43.8 |      29 |      11 |  27.5
        D:6 |    1193 |     172 |  12.6 |      31 |       1 |   3.1
        D:7 |     723 |    1812 |  71.5 |      19 |       4 |  17.4
        D:8 |    1255 |    1108 |  46.9 |      26 |       4 |  13.3
        D:9 |     761 |     125 |  14.1 |      11 |       1 |   8.3
            +---------+---------+-------+---------+---------+-------
